 Dungeon Crawl Stone Soup version 0.30-a0-883-g5ad918d77d (webtiles) character file.

Game seed: 8533737862975671469

1274 Jeffwins the Chopper (level 8, 0/56 HPs)
             Began as a Human Wanderer on Mar 17, 2023.
             Was an Initiate of Gozag.
             Slain by Sigmund
             ... wielding a +0 scythe
              (6 damage)
             ... on level 6 of the Dungeon.
             The game lasted 00:13:09 (5373 turns).

Jeffwins the Chopper (Human Wanderer)               Turns: 5373, Time: 00:13:09

Health: 0/56       AC:  7    Str: 16    XL:     8   Next: 83%
Magic:  0/11       EV: 11    Int: 14    God:    Gozag
Gold:   747        SH:  0    Dex: 10    Spells: 11/11 levels left

rFire   + + .      SeeInvis .    a - +5 Lochaber axe {reach-cleave, Poleaxe Drain}
rCold   . . .      Faith    .    (shield currently unavailable)
rNeg    . . .      Spirit   +    u - +2 leather armour {rF+}
rPois   .          Reflect  .    s - +1 helmet
rElec   .          Rampage  .    (no cloak)
rCorr   .                        (no gloves)
Will    .....                    (no boots)
Stlth   ++                       G - amulet of guardian spirit
HPRegen 0.29/turn                F - ring of protection from fire
MPRegen 0.12/turn                (no ring)

@: gold aura
A: no striking features
a: Renounce Religion, Potion Petition, Call Merchant, Bribe Branch


You were on level 6 of the Dungeon.
You worshipped Gozag.
Gozag was pleased with you.
You visited 1 branch of the dungeon, and saw 6 of its levels.
You also visited: Sewer.

You collected 859 gold pieces.
You paid 112 gold pieces to Gozag.


   Skills:
 - Level 2.0 Fighting
 * Level 6.0 Axes
 + Level 2.6 Throwing
 - Level 1.0 Armour
 - Level 1.0 Dodging
 + Level 4.8 Stealth
 + Level 2.1 Spellcasting
 * Level 3.4 Air Magic
 + Level 5.1 Evocations


You had 11 spell levels left.
You didn't know any spells.
Your spell library contained the following spells:

 Spells                   Type           Power      Damage    Failure   Level
 Shock                    Conj/Air       24%        1d4       14%         1
 Swiftness                Air            11%        N/A       22%         3
 Vhi's Electric Charge    Tloc/Air       12%        N/A       38%         3
 Airstrike                Air            5%         2d(1-17)  56%         4
 Arcjolt                  Conj/Air       3%         1d13      98%         5
 Maxwell's Capacitive Co  Air            5%         ∞         100%        8

Inventory:

Hand Weapons
 a - the +5 Lochaber axe (weapon) {reach-cleave, Poleaxe Drain}
   (You found it on level 3 of the Dungeon)

   Poleaxe:   It uses either Axes or Polearms skill, whichever is higher.
   Drain:     It drains your maximum health when unequipped.
 E - a +0 hand axe
Missiles
 c - a curare-tipped dart {=f}
 w - 2 poisoned darts (quivered)
Armour
 o - the +5 robe of Misfortune {Harm *Corrode *Slow EV+5}
   (You found it on level 2 of the Dungeon)

   EV:        It affects your evasion (+5).
   *Corrode:  It may corrode you when you take damage.
   *Slow:     It may slow you when you take damage.
   Harm:      It increases damage dealt and taken.
 s - a +1 helmet (worn)
 u - a +2 leather armour of fire resistance (worn)
Magical Staves
 h - a staff of poison
Jewellery
 F - a ring of protection from fire (left hand)
 G - an amulet of guardian spirit (around neck)
 L - a ring of flight
Wands
 i - a wand of flame (3)
 l - a wand of iceblast (9)
 C - a wand of mindburst (14)
Scrolls
 d - 5 scrolls of teleportation {@r4}
 g - a scroll of blinking
 k - a scroll of magic mapping
 m - 2 scrolls of vulnerability {!r}
 n - a scroll of enchant weapon
 y - a scroll of fear
 D - 5 scrolls of fog
 H - a scroll of silence {!r}
 I - a scroll of immolation {!r}
 J - a scroll of identify {@r1}
 K - a scroll of brand weapon
Potions
 e - 3 potions of magic {unknown}
 f - 2 potions of ambrosia {unknown}
 j - 3 potions of might
 p - 5 potions of curing {@q1}
 q - a potion of berserk rage {unknown}
 t - a potion of heal wounds {@q2}
 v - 2 potions of resistance
 x - a potion of cancellation {unknown}
 z - 2 potions of brilliance
 A - 2 potions of haste {unknown}
 B - a potion of experience {unknown}
Miscellaneous
 b - a lightning rod (2/4)

Dungeon Overview and Level Annotations

Branches:
Dungeon (6/15)             Temple (0/1) D:5           Sewer (visited)

Altars:
Gozag
Okawaru
Ru
Sif Muna
Trog
Vehumet
Wu Jian
Yredelemnul
Zin
The Shining One

Shops:
D:1 (   D:4 =

Annotations:
D:6 Sigmund

### ...# ###
#... ... #..#
###.##
##..##.....
#.... $.. .#
#..(##.##..##
#..$.$.$.....
#..@J$.##..@.
#..##### .
#..####
#.....#
#..##.#
#..##.##
#......###.#
#..........#
#####..###.#


You could see a jelly.


Message History

You kill the orc!
The thunderbolt hits the shadow imp!
The shadow imp is heavily wounded.
You hear a shout!
Something hits you but does no damage. Something hits you.
* * * LOW HITPOINT WARNING * * *
Your Axes skill increases to level 6!
Unknown command.
Aiming: Thunderbolt
Press: ? - help, Shift-Dir - straight line, f - orc wizard, p - shadow imp
Aim: an orc wizard, wielding a +1 dagger of holy wrath and wearing a +0 robe (severely wounded)
The thunderbolt hits the orc wizard!
You kill the orc wizard!
The thunderbolt hits something! x2; The thunderbolt hits the jelly!
The jelly is heavily wounded.
The thunderbolt hits the shadow imp.
You kill the shadow imp!
Unknown command.
You hear a shout!
You hit the jelly.
Your hands burn!
* * * LOW HITPOINT WARNING * * *
The jelly is severely wounded.
You closely miss something. x2; Something hits you but does no damage.
The jelly hits you.
* * * LOW HITPOINT WARNING * * *
You are splashed with acid!
* * * LOW HITPOINT WARNING * * *
Something hits you!
You die...
Your body crumbles into a pile of gold.

Skill      XL: |  1  2  3  4  5  6  7  8 |
---------------+-------------------------+-----
Axes           | 2 3 4 5 6 |  6.0
Stealth        | 3 4 |  4.8
Evocations     | 4 5 |  5.1
Throwing       | 1 2 |  2.6
Air Magic      | 2 3 |  3.4
Spellcasting   | 1 2 |  2.1
Fighting       | |  2.0
Armour         | |  1.0
Dodging        | |  1.0

Action                     |  1- 3 |  4- 6 |  7- 9 || total
---------------------------+-------+-------+-------++-------
  Melee: Hand axe          |    99 |   144 |       ||   243
         Punch             |     1 |     3 |       ||     4
         Lochaber axe      |       |     6 |    97 ||   103
  Throw: Dart              |       |       |     3 ||     3
  Evoke: Lightning rod     |       |     5 |     2 ||     7
         Wand              |       |       |     2 ||     2
    Use: Scroll            |     5 |     4 |    11 ||    20
   Stab: Distracted        |       |       |     1 ||     1
         Sleeping          |       |       |     5 ||     5
 Armour: Scale mail        |    48 |    75 |    28 ||   151
         Leather armour    |       |       |    21 ||    21
  Dodge: Dodged            |    48 |    81 |    63 ||   192

Levels and vault maps discovered:
D:1:      spicycebolla_arrival_clurvy, layout_loops_ring, serial_shops,
          shop_fountains, minmay_tiny_reverse_x
D:2:      layout_basic, interstate_on_off
D:3:      cheibrodos_helix_gallery, layout_loops_ring, hex_large
D:4:      layout_cave_pools, amcnicky_altar_gilded,
          mainiacjoe_overflow_alcove_4, lemuel_tele_altar,
          nicolae_overflow_two_pavilions, serial_shops, shop,
          portal_sewer_entry_e
D:5:      gammafunk_steamed_eel, layout_loops_ring,
          lemuel_coloured_pillars_altar, nicolae_wu_jian_wuxing_cycle,
          lemuel_round_altar, trog_book, minmay_temple_entry_proselytizer,
          kennysheep_small_circle, uniq_duvessa
D:6:      layout_loops_ring, mainiacjoe_overflow_24_doors,
          nicolae_hepliaklqana_ecumenical_no_more,
          grunt_dithmenos_smoke_and_mirrors, serial_shops,
          nicolae_shop_overgrown_old_shop, uniq_edmund, uniq_menkaure,
          uniq_sigmund

Notes
Turn   | Place    | Note
-------+----------+-------------------------------------------
     0 | D:1      | Jeffwins the Human Wanderer began the quest for the Orb.
     0 | D:1      | Jeffwins set off with the following items: a +0 hand axe, a
                  | lightning rod (4/4), a +0 scale mail, a scroll of
                  | teleportation {@r4}.
     0 | D:1      | Reached XP level 1. HP: 16/16 MP: 1/1
   148 | D:1      | Reached XP level 2. HP: 17/22 MP: 2/2
   183 | D:1      | Found Xelag's Antique Weapon Boutique.
   392 | D:1      | Reached skill level 2 in Axes
   536 | D:2      | Reached XP level 3. HP: 27/27 MP: 3/3
  1055 | D:2      | Found the +5 robe of Misfortune {Harm *Corrode *Slow EV+5}
  1542 | D:3      | You fall into a shaft and drop 1 floor!
  1549 | D:4      | Found a sacrificial altar of Ru.
  1595 | D:4      | Found a basalt altar of Yredelemnul.
  1602 | D:4      | Reached XP level 4. HP: 20/33 MP: 2/4
  1701 | D:4      | Reached skill level 3 in Axes
  1703 | D:4      | Reached skill level 3 in Stealth
  1703 | D:4      | Reached XP level 5. HP: 9/38 MP: 1/5
  1731 | D:4      | Found an opulent altar of Gozag.
  1746 | D:4      | Became a worshipper of Gozag Ym Sagoz the Greedy
  1819 | D:4      | Found Noyps's Jewellery Emporium.
  2035 | D:4      | Reached skill level 4 in Evocations
  2042 | D:4      | Found a glowing drain.
  2052 | D:4      | Reached XP level 6. HP: 29/44 MP: 4/6
  2056 | Sewer    | Entered a sewer
  2219 | Sewer    | Reached skill level 4 in Axes
  2401 | Sewer    | HP: 2/44 [kobold brigand/+2 short sword of speed (7)]
  2864 | D:4      | Found a radiant altar of Vehumet.
  2864 | D:4      | Found a glowing silver altar of Zin.
  3187 | D:3      | Found the +5 Lochaber axe {reach-cleave, Poleaxe Drain}
  3250 | D:3      | Reached XP level 7. HP: 50/50 MP: 7/7
  3379 | D:3      | Identified 2 potions of resistance
  3791 | D:5      | Entered Level 5 of the Dungeon
  3825 | D:5      | Reached skill level 1 in Throwing
  3825 | D:5      | Reached skill level 4 in Stealth
  3835 | D:5      | Found a bloodstained altar of Trog.
  3848 | D:5      | Found a transporter.
  3950 | D:5      | Found an ornate altar of the Wu Jian Council.
  3964 | D:5      | Reached skill level 1 in Air Magic
  3984 | D:5      | Found a transporter.
  4169 | D:5      | Noticed Duvessa
  4169 | D:5      | Noticed Dowan
  4180 | D:5      | Reached skill level 5 in Axes
  4187 | D:5      | HP: 3/43 [Duvessa/+3 rapier of draining (5)]
  4403 | D:5      | Killed Duvessa
  4404 | D:5      | Reached skill level 1 in Spellcasting
  4406 | D:5      | Killed Dowan
  4407 | D:5      | Reached skill level 2 in Air Magic
  4407 | D:5      | Reached XP level 8. HP: 46/55 MP: 9/9
  4450 | D:5      | Found a staircase to the Ecumenical Temple.
  4532 | D:5      | Reached skill level 2 in Throwing
  4561 | D:5      | Found a glowing golden altar of the Shining One.
  4860 | D:5      | Found an iron altar of Okawaru.
  5202 | D:6      | Found a shimmering blue altar of Sif Muna.
  5248 | D:6      | Reached skill level 3 in Air Magic
  5248 | D:6      | Reached skill level 5 in Evocations
  5268 | D:6      | Reached skill level 2 in Spellcasting
  5364 | D:6      | Noticed Sigmund
  5372 | D:6      | Reached skill level 6 in Axes
  5373 | D:6      | Slain by Sigmund

Vanquished Creatures
  Duvessa (D:5)
  An ogre (D:6)
  2 kobold brigands (Sewer)
  3 scorpions
  Dowan (D:5)
  3 electric eels (D:5)
  A jelly (D:5)
  4 hounds
  3 orc priests
  An iguana (D:6)
  A gnoll bouda (D:4)
  An orc wizard (D:6)
  2 sleepcaps (D:5)
  3 gnolls (D:4)
  6 adders
  4 river rats (D:4)
  A shadow imp (D:6)
  3 worms (D:3)
  3 dart slugs
  6 orcs
  10 ball pythons
  2 bats
  4 endoplasms
  3 giant cockroaches
  14 goblins
  4 hobgoblins
  4 jackals (D:5)
  12 kobolds
  6 quokkas
  3 frilled lizards
  8 rats
120 creatures vanquished.

Vanquished Creatures (others)
  A fungus (Sewer)
  4 plants
5 creatures vanquished.

Grand Total: 125 creatures vanquished

Table legend: (Time is in decaauts)
 A = Elapsed time spent in this place.
 B = Non-inter-level travel time spent in this place.
 C = Inter-level travel time spent in this place.
 D = Time resting spent in this place.
 E = Time spent auto-exploring this place.
 F = Levels seen in this place.
 G = Mean time per level.
                   A        B        C        D        E       F      G
               +--------+--------+--------+--------+--------+-----+--------+
         Total |   5515 |   5124 |    391 |    308 |   3564 |   7 |  787.9 |
       Dungeon |   4811 |   4420 |    391 |    308 |   3019 |   6 |  801.8 |
         Sewer |    703 |    703 |      0 |      0 |    544 |   1 |  703.0 |
               +--------+--------+--------+--------+--------+-----+--------+

Top non-repeatable levels by time:
     D:5: 1223 daAuts
     D:4: 1092 daAuts
     D:2: 998 daAuts
     D:3: 729 daAuts
   Sewer: 703 daAuts
     D:1: 532 daAuts
     D:6: 236 daAuts

Table legend:
 A = Non-vault XP
 B = Vault XP
 C = Vault XP percentage of total XP
 D = Non-vault monster count
 E = Vault monster count
 F = Vault count percentage of total count
                 A         B        C        D         E       F
            +---------+---------+-------+---------+---------+-------
      Total |    1073 |     747 |  41.0 |      79 |      41 |  34.2
            +---------+---------+-------+---------+---------+-------
        D:1 |      23 |       4 |  14.8 |      13 |       2 |  13.3
        D:2 |      25 |       0 |   0.0 |      13 |       0 |   0.0
        D:3 |      34 |       4 |  10.5 |      13 |       2 |  13.3
        D:4 |     154 |      59 |  27.7 |      15 |       8 |  34.8
        D:5 |     378 |     447 |  54.2 |      15 |       9 |  37.5
        D:6 |     459 |       0 |   0.0 |      10 |       0 |   0.0
      Sewer |       0 |     233 | 100.0 |       0 |      20 | 100.0
            +---------+---------+-------+---------+---------+-------
